 Dungeon Crawl Stone Soup version 0.30-a0-170-g85af917532 (webtiles) character file.

Game seed: 10373820915101477506

367 qw the Chopper (level 6, 0/40 HPs)
             Began as a Gargoyle Fighter on Sept 30, 2022.
             Slain by Grinder (1 damage)
             ... on level 4 of the Dungeon.
             The game lasted 00:01:12 (2936 turns).

qw the Chopper (Gargoyle Fighter)                   Turns: 2936, Time: 00:01:12

Health: 0/40       AC: 13    Str: 27      XL:     6   Next: 69%
Magic:  6/6        EV:  9    Int:  9      God:
Gold:   158        SH:  4    Dex:  7 (9)  Spells: 5/5 levels left

rFire   . . .      SeeInvis .    Y - +0 war axe
rCold   . . .      Faith    .    c - +0 buckler
rNeg    + . .      Spirit   .    b - +0 scale mail
rPois   inf        Reflect  .    e - +0 helmet
rElec   +          Harm     .    (no cloak)
rCorr   .          Rampage  .    q - +0 pair of gloves
Will    .....                    (no boots)
Stlth   ..........               (no amulet)
HPRegen 0.13/turn                n - +6 ring of strength
MPRegen 0.10/turn                (no ring)

@: no status effects
A: sickness immunity, AC +4, negative energy resistance 1, electricity
resistance, torment resistance 1, petrification resistance
a: no special abilities


You were on level 4 of the Dungeon.
You visited 1 branch of the dungeon, and saw 4 of its levels.

You collected 158 gold pieces.


Innate Abilities, Weirdness & Mutations

You are immune to sickness and miasma.
Your stone body is resilient. (AC +4)
You are immune to poison.
You resist negative energy. (rN+)
You are resistant to electric shocks. (rElec)
You are resistant to unholy torment.
You are immune to petrification.


   Skills:
 - Level 4.9 Fighting
 + Level 5.4 Axes
 - Level 3.2 Armour
 - Level 3.2 Shields


You had 5 spell levels left.
You didn't know any spells.
Your spell library was empty.

Inventory:

Hand Weapons
 i - a +0 flail
 Y - a +0 war axe (weapon)
Armour
 b - a +0 scale mail (worn)
 c - a +0 buckler (worn)
 e - a +0 helmet (worn)
 q - a +0 pair of gloves (worn)
Jewellery
 n - a +6 ring of strength (left hand)
Scrolls
 a - a scroll of identify
Potions
 d - 3 potions of might
 j - a potion of attraction
 p - a potion of heal wounds {unknown}

Dungeon Overview and Level Annotations

Branches:
Dungeon (4/15)
 Temple: D:4-7

Altars:
Hepliaklqana
Xom
Yredelemnul

Shops:
D:4 ?

Annotations:
D:4 Grinder


Message History

You block Dowan's attack. Grinder gestures at you.
Pain shoots through your body! Dowan barely misses you.
You slash Dowan!
You kill Dowan!
Grinder gestures at you.
You suddenly lose the ability to move!
Grinder hits you but does no damage. x2
You can move again.
You hit Grinder.
Grinder is moderately wounded.
Grinder says, "Are you a fish?" Grinder hits you but does no damage.
You barely miss Grinder.
Grinder is moderately wounded.
Grinder barely misses you.
You hit Grinder.
Grinder is heavily wounded.
Grinder hits you but does no damage.
You closely miss Grinder.
Grinder is heavily wounded.
Grinder barely misses you. You block Grinder's attack.
You closely miss Grinder.
Grinder is heavily wounded.
Grinder gestures at you. You resist with significant effort.
You barely miss Grinder.
Grinder is heavily wounded.
Grinder gestures at you.
You barely resist. You hit Grinder.
Grinder is heavily wounded.
You block Grinder's attack.
Grinder says, "FISH!"
Grinder gestures at you. Pain shoots through your body!
You closely miss Grinder.
Grinder is heavily wounded.
Grinder hits you.
You writhe in agony.
You die...

#......# ..
#......#
....
##.#####
....###.####
...........#
...........#
###$.......#
#........#
#....)@..#
#.....)5.#
#\.......#
#..........
#####.......
#........#
......$...
>..........


You could see Grinder.

Vanquished Creatures
  Duvessa (D:4)
  An ogre (D:4)
  Dowan (D:4)
  A hound (D:4)
  An adder (D:2)
  A worm (D:2)
  3 dart slugs
  6 orcs (D:3)
  3 bats
  8 endoplasms
  A giant cockroach (D:4)
  11 goblins
  3 hobgoblins
  3 jackals (D:1)
  9 kobolds
  4 quokkas
  5 ball pythons
  6 frilled lizards
  7 rats
75 creatures vanquished.

Notes
Turn   | Place    | Note
-------+----------+-------------------------------------------
     0 | D:1      | qw the Gargoyle Fighter began the quest for the Orb.
     0 | D:1      | Reached XP level 1. HP: 14/14 MP: 1/1
     0 | D:1      | 0 ||| qw: Version: 0.2-a-12-gaebbb33
     0 | D:1      | 0 ||| qw: Game counter: 1552
     0 | D:1      | 0 ||| qw: Always use a shield: true
     0 | D:1      | 0 ||| qw: God list: Okawaru
     0 | D:1      | 0 ||| qw: Allow faded altars: false
     0 | D:1      | 0 ||| qw: Do Orc after D:15 true
     0 | D:1      | 0 ||| qw: Do second Lair branch before Depths: true
     0 | D:1      | 0 ||| qw: Lair rune preference: random
     0 | D:1      | 0 ||| qw: Plans: Normal, Zot:1-4, God:TSO, Crypt, Tomb,
                  | Pan, Slime:5, Hells, Abyss, Orb
     0 | D:1      | 0 ||| PLANNING D:1-11
    26 | D:1      | Reached skill level 2 in Axes
    41 | D:1      | Reached XP level 2. HP: 19/19 MP: 2/2
    53 | D:1      | 53 ||| Stepping ~*~*~tactically~*~*~ (stealth).
    56 | D:1      | 56 ||| Stepping ~*~*~tactically~*~*~ (stealth).
    57 | D:1      | 57 ||| Stepping ~*~*~tactically~*~*~ (stealth).
   251 | D:1      | 251 ||| Stepping ~*~*~tactically~*~*~ (stealth).
   253 | D:1      | 253 ||| Stepping ~*~*~tactically~*~*~ (stealth).
   284 | D:1      | 284 ||| DROPPING +0 club.
   466 | D:1      | Reached skill level 3 in Axes
   570 | D:1      | Reached XP level 3. HP: 23/23 MP: 3/3
   598 | D:1      | 598 ||| Stepping ~*~*~tactically~*~*~ (stealth).
   684 | D:1      | 684 ||| Stepping ~*~*~tactically~*~*~ (stealth).
   717 | D:1      | 717 ||| Stepping ~*~*~tactically~*~*~ (stealth).
   837 | D:1      | 837 ||| UPGRADING to +0 helmet.
   842 | D:1      | 842 ||| READING 2 scrolls labelled PUXZATUECS.
  1266 | D:2      | Reached XP level 4. HP: 28/28 MP: 4/4
  1292 | D:2      | 1292 ||| Stepping ~*~*~tactically~*~*~ (stealth).
  1294 | D:2      | 1294 ||| Stepping ~*~*~tactically~*~*~ (stealth).
  1691 | D:2      | 1691 ||| UPGRADING to +0 pair of gloves.
  1696 | D:2      | 1696 ||| DROPPING amulet of magic regeneration.
  1697 | D:2      | 1697 ||| UPGRADING to +6 ring of strength.
  1698 | D:2      | 1698 ||| DROPPING ring of magical power.
  1699 | D:2      | 1699 ||| READING scroll labelled VUSAUS SOTIJA.
  1700 | D:2      | 1700 ||| READING scroll labelled FETWAY MEKEDUN.
  1701 | D:2      | 1701 ||| READING scroll labelled HUARAETOSUHI.
  1702 | D:2      | 1702 ||| READING scroll labelled TOESCH ZETSYVUPT.
  1707 | D:2      | 1707 ||| DRINKING 2 sapphire potions.
  1708 | D:2      | 1708 ||| DROPPING potion of degeneration.
  1782 | D:3      | Found a shimmering altar of Xom.
  1796 | D:3      | Found a basalt altar of Yredelemnul.
  1888 | D:3      | Found a hazy altar of Hepliaklqana.
  2059 | D:3      | Reached skill level 4 in Axes
  2100 | D:3      | 2100 ||| Stepping ~*~*~tactically~*~*~ (stealth).
  2113 | D:3      | 2113 ||| Stepping ~*~*~tactically~*~*~ (stealth).
  2115 | D:3      | 2115 ||| Stepping ~*~*~tactically~*~*~ (stealth).
  2286 | D:3      | 2286 ||| DROPPING +0 whip.
  2743 | D:3      | 2743 ||| READING 2 scrolls labelled LOFFUCKERE.
  2755 | D:3      | 2755 ||| DRINKING 2 smoky orange potions.
  2762 | D:3      | 2762 ||| READING 2 scrolls of identify.
  2762 | D:3      | 2762 ||| IDENTIFYING viscous green potion
  2763 | D:3      | 2763 ||| DROPPING scroll of fear.
  2764 | D:3      | 2764 ||| DROPPING potion of brilliance.
  2778 | D:4      | Noticed an ogre
  2790 | D:4      | Killed an ogre
  2791 | D:4      | Reached skill level 5 in Axes
  2791 | D:4      | Reached XP level 5. HP: 21/32 MP: 5/5
  2791 | D:4      | 2791 ||| STAIRDANCE
  2902 | D:4      | Found Niqou's Magic Scroll Shop.
  2907 | D:4      | Noticed Duvessa
  2907 | D:4      | Noticed Grinder
  2908 | D:4      | Noticed Dowan
  2918 | D:4      | Killed Duvessa
  2918 | D:4      | HP: 7/33 [Grinder (2)]
  2919 | D:4      | Reached XP level 6. HP: 8/40 MP: 6/6
  2923 | D:4      | HP: 4/40 [Grinder/nerve-wracking pain (4)]
  2924 | D:4      | Killed Dowan
  2924 | D:4      | Paralysed by Grinder for 5 turns
  2935 | D:4      | HP: 3/40 [Grinder/nerve-wracking pain (3)]
  2936 | D:4      | HP: 1/40 [Grinder (2)]
  2936 | D:4      | Slain by Grinder

Levels and vault maps discovered:
D:1:      minmay_arrival_doors, layout_rooms
D:2:      layout_loops_ring
D:3:      layout_basic, mainiacjoe_overflow_tiny_flanked,
          mainiacjoe_overflow_24_doors, general_overflow_altar
D:4:      layout_basic, mainiacjoe_overflow_catwalk, serial_shops, shop,
          uniq_grinder, uniq_duvessa

Skill      XL: |  1  2  3  4  5 |
---------------+----------------+-----
Axes           | 2 3 5 |  5.4
Fighting       | 4 |  4.9
Armour         | |  3.2
Shields        | |  3.2

Action                   |  1- 3 |  4- 6 || total
-------------------------+-------+-------++-------
Melee: War axe           |   112 |   123 ||   235
  Use: Scroll            |     1 |     6 ||     7
       Potion            |       |     2 ||     2
Armor: Scale mail        |    66 |    64 ||   130
Dodge: Dodged            |    41 |    54 ||    95
Block: Buckler           |    20 |    32 ||    52

Table legend:
 A = Non-vault XP
 B = Vault XP
 C = Vault XP percentage of total XP
 D = Non-vault monster count
 E = Vault monster count
 F = Vault count percentage of total count
                 A         B        C        D         E       F
            +---------+---------+-------+---------+---------+-------
      Total |     316 |     209 |  39.8 |      73 |       2 |   2.7
            +---------+---------+-------+---------+---------+-------
        D:1 |      52 |       0 |   0.0 |      28 |       0 |   0.0
        D:2 |      33 |       0 |   0.0 |      11 |       0 |   0.0
        D:3 |      51 |       0 |   0.0 |      26 |       0 |   0.0
        D:4 |     180 |     209 |  53.7 |       8 |       2 |  20.0
            +---------+---------+-------+---------+---------+-------
